 Dungeon Crawl Stone Soup version 0.30-a0-743-gbfdf073431 (webtiles) character file.

Game seed: 11253012253050943046

721 Bnni the Skirmisher (level 7, -5/38 HPs)
             Began as a Deep Elf Hunter on Feb 6, 2023.
             Was a Follower of Hepliaklqana.
             Slain by Prince Ribbit (13 damage)
             ... on level 6 of the Dungeon.
             The game lasted 00:04:26 (4099 turns).

Bnni the Skirmisher (Deep Elf Hunter)               Turns: 4099, Time: 00:04:26

Health: -5/38      AC:  5    Str:  8    XL:     7   Next: 43%
Magic:  9/9        EV: 12    Int: 14    God:    Hepliaklqana [*.....]
Gold:   278        SH:  0    Dex: 20    Spells: 6/6 levels left

rFire   . . .      SeeInvis +    a - +0 shortbow
rCold   + + .      Faith    .    (shield currently unavailable)
rNeg    . . .      Spirit   .    s - +1 leather armour {rC+}
rPois   .          Reflect  .    g - +0 helmet
rElec   .          Harm     .    (no cloak)
rCorr   .          Rampage  .    (no gloves)
Will    .....                    (no boots)
Stlth   ++                       (no amulet)
HPRegen 0.26/turn                f - ring of see invisible
MPRegen 0.11/turn                c - ring of protection from cold

@: no status effects
A: reduced essence
a: Renounce Religion, Recall Ancestor, Ancestor Identity


You were on level 6 of the Dungeon.
You worshipped Hepliaklqana.
Hepliaklqana was aware of your devotion.
You visited 2 branches of the dungeon, and saw 7 of its levels.

You collected 278 gold pieces.

Inventory:

Hand Weapons
 a - a +0 shortbow (weapon)
 k - a +2 dagger of venom
Armour
 g - a +0 helmet (worn)
 s - a +1 leather armour of cold resistance (worn)
Jewellery
 c - a ring of protection from cold (right hand)
 f - a ring of see invisible (left hand)
Wands
 n - a wand of paralysis (7)
Scrolls
 b - a scroll of immolation
 e - 2 scrolls of blinking {unknown}
 l - a scroll of vulnerability {unknown}
 m - 3 scrolls of teleportation {unknown}
 p - 2 scrolls of enchant armour {unknown}
 q - a scroll of acquirement {unknown}
Potions
 d - a potion of might {unknown}
 h - 2 potions of invisibility
 i - a potion of flight
 j - a potion of lignification
 o - 3 potions of curing
 r - a potion of heal wounds {unknown}


   Skills:
 + Level 4.1 Fighting
 * Level 10.3 Ranged Weapons
 - Level 2.4 Dodging
 - Level 1.2 Stealth


You had 6 spell levels left.
You didn't know any spells.
Your spell library contained the following spells:

 Spells                   Type           Power      Damage    Failure   Level
 Ignite Poison            Fire/Tmut/Pois 0%         N/A       77%         3
 Sticky Flame             Conj/Fire      0%         2d3       99%         4
 Ignition                 Fire           0%         3d3       100%        8


Dungeon Overview and Level Annotations

Branches:
Dungeon (6/15)             Temple (1/1) D:4

Altars:
Ashenzari
Cheibriados
Hepliaklqana
Nemelex Xobeh
Okawaru
Trog
Uskayaw
Wu Jian
Yredelemnul
Zin
The Shining One

Annotations:
D:6 Prince Ribbit


Message History

The ice beast closely misses you.
You shoot an arrow. The arrow hits the ice beast!
The ice beast is almost dead.
Tankster McGee barely misses the ice beast.
The ice beast hits you. The ice beast freezes you. You resist.
You shoot an arrow. The arrow closely misses the ice beast.
Tankster McGee hits the ice beast.
The ice beast dies!
No target in view!
HP restored.
You swap places.
You open the door.
There is an open door here.
Prince Ribbit comes into view.
Found a ring mail.
You shoot an arrow.
The arrow completely misses Prince Ribbit.
You shoot an arrow. The arrow barely misses Prince Ribbit.
You swap places.
Tankster McGee hits Prince Ribbit.
Prince Ribbit hits Tankster McGee!!
You shoot an arrow. Tankster McGee avoids your attack.
The arrow hits Prince Ribbit.
Prince Ribbit is lightly wounded.
Prince Ribbit hits Tankster McGee!
Tankster McGee is destroyed!
You shoot an arrow. The arrow hits Prince Ribbit!
Prince Ribbit is heavily wounded.
Prince Ribbit hits you but does no damage.
You shoot an arrow. The arrow barely misses Prince Ribbit.
Prince Ribbit hits you!
You shoot an arrow. The arrow hits Prince Ribbit!
Prince Ribbit is severely wounded.
Prince Ribbit hits you. Prince Ribbit hits you!
* * * LOW HITPOINT WARNING * * *
Okay, then.
Aiming: Paralyse
Press: ? - help, Shift-Dir - straight line, f/p - Prince Ribbit
Aim: Prince Ribbit (severely wounded, chance to affect: 31%) Prince Ribbit easily resists.
Prince Ribbit hits you!
You die...

.. ...[..# #.#
......# #..
......# .####+#..
....... ........#
......# ........#
.......
.[......###....#
........'@F....#
........###....#
.......<..........
#####+######...#.#
...# . ...# ..#
...


You could see Prince Ribbit.

Vanquished Creatures
  An ice beast (D:5)
  A scorpion (D:5)
  A jelly (D:4)
  3 orc priests
  A hound (D:4)
  An iguana (D:4)
  3 orc wizards (D:5)
  A gnoll (D:2)
  4 adders
  An ufetubus (D:5)
  4 worms
  2 dart slugs (D:1)
  8 orcs
  5 ball pythons
  8 endoplasms
  6 giant cockroaches
  4 hobgoblins
  7 jackals
  2 quokkas
  5 bats
  3 frilled lizards
  4 goblins
  7 kobolds
  5 rats
87 creatures vanquished.

Vanquished Creatures (collateral kills)
  An ogre (D:5)
  An ice beast (D:6)
2 creatures vanquished.

Vanquished Creatures (others)
  An ancestor (D:6)
1 creature vanquished.

Grand Total: 90 creatures vanquished

Notes
Turn   | Place    | Note
-------+----------+-------------------------------------------
     0 | D:1      | Bnni the Deep Elf Hunter began the quest for the Orb.
     0 | D:1      | Reached XP level 1. HP: 12/12 MP: 3/3
   129 | D:1      | Reached XP level 2. HP: 17/17 MP: 4/4
   251 | D:1      | Reached skill level 6 in Ranged Weapons
   273 | D:1      | Found a faded altar of an unknown god.
   715 | D:2      | Reached XP level 3. HP: 18/21 MP: 5/5
   892 | D:2      | HP: 1/21 [gnoll/+0 halberd (14)]
   923 | D:2      | Reached XP level 4. HP: 11/27 MP: 6/6
  1095 | D:2      | Reached skill level 7 in Ranged Weapons
  1910 | D:3      | Reached XP level 5. HP: 23/31 MP: 7/7
  2289 | D:4      | Reached skill level 8 in Ranged Weapons
  2434 | D:4      | Found a staircase to the Ecumenical Temple.
  2443 | Temple   | Entered the Ecumenical Temple
  2571 | Temple   | Became a worshipper of Hepliaklqana the Forgotten
  2656 | D:4      | Reached XP level 6. HP: 37/37 MP: 8/8
  2996 | D:4      | Found an ornate altar of the Wu Jian Council.
  3242 | D:5      | Entered Level 5 of the Dungeon
  3368 | D:5      | Reached * piety under Hepliaklqana
  3430 | D:5      | Found a sparkling altar of Nemelex Xobeh.
  3555 | D:5      | Reached skill level 9 in Ranged Weapons
  3678 | D:5      | Noticed an ice beast
  3688 | D:5      | Killed an ice beast
  3689 | D:5      | Reached XP level 7. HP: 37/37 MP: 9/9
  3864 | D:5      | Reached skill level 10 in Ranged Weapons
  4091 | D:6      | Noticed Prince Ribbit
  4099 | D:6      | Slain by Prince Ribbit

Illustrated notes

Levels and vault maps discovered:
D:1:      dpeg_arrival_solitude, layout_loops_ring,
          ebering_ecumenical_altar_rust
D:2:      layout_rooms, minmay_circle_x
D:3:      layout_basic, st_stairs_10, kennysheep_potato
D:4:      layout_basic, pdpol_wu_jian_five_deadly_venoms, temple_statues
D:5:      layout_basic, mainiacjoe_overflow_24_doors
D:6:      layout_basic, palyth_temple_overflow_mages, uniq_prince_ribbit1
Temple:   regret_index_temple_generic_petals

Skill      XL: |  1  2  3  4  5  6  7 |
---------------+----------------------+-----
Ranged Weapons | 6 7 8 9 10 | 10.3
Fighting       | 2 3 4 |  4.1
Dodging        | |  2.4
Stealth        | |  1.2

Action                     |  1- 3 |  4- 6 |  7- 9 || total
---------------------------+-------+-------+-------++-------
   Fire: Shortbow          |    91 |   160 |    28 ||   279
 Invoke: Ancestor Identity |       |     1 |       ||     1
  Evoke: Wand              |       |     1 |     1 ||     2
    Use: Scroll            |       |     4 |       ||     4
 Armour: Leather armour    |    18 |    12 |     1 ||    31
  Dodge: Dodged            |    35 |    17 |     3 ||    55

Table legend: (Time is in decaauts)
 A = Elapsed time spent in this place.
 B = Non-inter-level travel time spent in this place.
 C = Inter-level travel time spent in this place.
 D = Time resting spent in this place.
 E = Time spent auto-exploring this place.
 F = Levels seen in this place.
 G = Mean time per level.
                   A        B        C        D        E       F      G
               +--------+--------+--------+--------+--------+-----+--------+
         Total |   4147 |   3947 |    200 |    191 |   3160 |   7 |  592.4 |
       Dungeon |   3968 |   3817 |    151 |    191 |   3040 |   6 |  661.3 |
        Temple |    178 |    129 |     49 |      0 |    120 |   1 |  178.0 |
               +--------+--------+--------+--------+--------+-----+--------+

Top non-repeatable levels by time:
     D:3: 903 daAuts
     D:5: 827 daAuts
     D:4: 810 daAuts
     D:1: 708 daAuts
     D:2: 684 daAuts
  Temple: 178 daAuts
     D:6: 34 daAuts
